AoeStats
← Gen ALPHA RIZZLER 67

Arena

510151722Analyzed
4v4 RM · 21h ago on Sep 29, 2026· 36m 19s· 8 players
Game mode
Random Map
Map size
Large (8 player)
Population
200
Speed
Normal
Resources
Standard
Victory
Conquest
Starting age
Dark Age
Ending age
Imperial Age
RankedLock teamsTeams togetherTeam positionsShared explorationLock speedFull tech treeHidden civsTurbo modeCheats
Victory
Defeat
🇲🇽 Ethiopians · Mexico
1355
+14
🇦🇷 Teutons · Argentina
1340
+15
🇩🇪 Gurjaras · Germany
1308
+16
🇩🇪 Sicilians · Germany
1244
+19
🇺🇸 Mongols · United States
1333
-17
🇹🇷 Saracens · Türkiye
1307
-16
🇮🇹 Burgundians · Italy
1303
-16
🇬🇷 Italians · Greece
1286
-15
Gen ALPHA RIZZLER 67
7:31 Loom
11:00 Feudal Age
14:59 Castle Age
13:40 Double-Bit Axe
18:22 Bow Saw
18:26 Horse Collar
26:33 Devotion
25:56 Light Cavalry
27:25 Scale Barding Armor
27:33 Forging
29:03 Heavy Plow
29:51 Iron Casting
29:28 Bloodlines
30:40 Scale Barding Armor
31:14 Gold Mining
32:13 Coinage
31:40 Stone Mining
32:26 Chain Barding Armor
32:08 Padded Archer Armor
36:12 Imperial Age
34:41 Wheelbarrow
34:49 Padded Archer Armor
mojotzotzo
11:01 Feudal Age
14:36 Castle Age
12:33 Horse Collar
12:41 Double-Bit Axe
15:27 Bow Saw
15:24 Heavy Plow
20:14 Gold Mining
20:14 Stone Mining
23:36 Wheelbarrow
22:48 Loom
22:49 Town Watch
27:09 Imperial Age
24:46 Fletching
25:26 Bodkin Arrow
25:31 Padded Archer Armor
26:36 Ballistics
28:10 Leather Archer Armor
29:45 Chemistry
31:42 Bracer
34:37 Ring Archer Armor
35:39 Elite Genoese Crossbowman
36:40 Conscription
swagdalf
10:17 Feudal Age
11:16 Loom
14:32 Castle Age
15:22 Double-Bit Axe
15:20 Horse Collar
26:46 Bow Saw
30:08 Wheelbarrow
32:08 Gold Mining
32:08 Stone Mining
33:52 Gold Shaft Mining
Janez
5:53 Double-Bit Axe
9:13 Horse Collar
11:14 Feudal Age
15:46 Castle Age
14:34 Stone Mining
22:26 Wheelbarrow
21:37 Town Watch
23:20 Stone Shaft Mining
22:37 Gold Mining
24:14 Hand Cart
24:30 Burgundian Vineyards
26:25 Gold Shaft Mining
29:45 Imperial Age
27:01 Loom
27:46 Bow Saw
27:40 Heavy Plow
28:19 Stone Shaft Mining
27:07 Cavalier
27:48 Husbandry
28:00 Scale Barding Armor
28:05 Forging
29:32 Chain Barding Armor
30:47 Conscription
w h i z.
7:07 Loom
9:24 Feudal Age
10:16 Double-Bit Axe
10:12 Horse Collar
12:49 Town Watch
15:05 Fletching
21:01 Wheelbarrow
24:17 Castle Age
22:09 Gold Mining
25:05 Heavy Plow
25:16 Bow Saw
26:26 Scale Mail Armor
27:52 Chain Mail Armor
27:48 Forging
27:27 Pikeman
28:20 Squires
30:28 First Crusade
31:55 First Crusade
32:50 Iron Casting
32:36 Hand Cart
36:04 Imperial Age
34:06 Bodkin Arrow
35:50 Ballistics
37:15 Plate Mail Armor
36:07 Elite Serjeant
37:25 Crop Rotation
danntheman
9:48 Feudal Age
15:10 Castle Age
13:34 Double-Bit Axe
14:07 Gold Mining
15:58 Horse Collar
18:44 Scale Barding Armor
20:01 Loom
20:54 Wheelbarrow
25:35 Sanctity
29:11 Imperial Age
27:09 Fervor
30:03 Chain Barding Armor
29:36 Fletching
29:56 Padded Archer Armor
30:41 Bodkin Arrow
31:08 Bow Saw
31:24 Leather Archer Armor
31:18 Heavy Plow
33:26 Chemistry
32:28 Bracer
35:13 Hand Cart
35:51 Ballistics
35:34 Town Watch
martelaxe
9:26 Feudal Age
12:55 Castle Age
10:55 Horse Collar
12:10 Double-Bit Axe
14:25 Heavy Plow
15:19 Bow Saw
20:55 Wheelbarrow
22:48 Gold Mining
27:05 Imperial Age
25:20 Gold Shaft Mining
24:39 Loom
24:50 Crossbowman
25:26 Fletching
26:11 Ballistics
25:52 Stone Mining
27:02 Hand Cart
27:19 Bodkin Arrow
28:48 Chemistry
28:33 Bracer
29:23 Arbalester
30:53 Stone Shaft Mining
32:18 Thumb Ring
32:14 Padded Archer Armor
33:17 Leather Archer Armor
33:09 Onager
36:03 Two-Man Saw
35:22 Siege Onager
35:36 Elite Skirmisher
SimbadMarino
10:34 Feudal Age
14:56 Castle Age
13:37 Double-Bit Axe
14:01 Horse Collar
17:31 Bow Saw
20:50 Gold Mining
22:18 Fervor
24:20 Wheelbarrow
23:31 Loom
23:31 Town Watch
24:16 Stone Mining
28:08 Imperial Age
27:40 Hand Cart
27:47 Scale Barding Armor
27:43 Scale Mail Armor
27:56 Forging
28:02 Bloodlines
28:51 Chain Barding Armor
28:20 Cavalier
29:57 Iron Casting
29:44 Heavy Plow
30:46 Two-Man Saw
29:52 Paladin
33:24 Plate Barding Armor
37:00 Blast Furnace
Connection lost

Rejoining the realm…

Still unreachable

The connection could not be restored.

Session expired

The server has moved on; the page needs a fresh start.